 Dungeon Crawl Stone Soup version 0.28-b1-25-g9875b3fc8c (webtiles) character file.

Game seed: 14963555014458398270

1229 pkoi the Cleaver (level 8, -2/75 HPs)
             Began as a Minotaur Gladiator on Feb 1, 2022.
             Was a Follower of Zin.
             Succumbed to Edmund's poison
             ... on level 6 of the Dungeon.
             The game lasted 00:05:25 (5644 turns).

pkoi the Cleaver (Minotaur Gladiator)               Turns: 5644, Time: 00:05:25

Health: -2/75      AC:  6    Str: 20    XL:     8   Next: 24%
Magic:  7/7        EV: 12    Int:  5    God:    Zin [*.....]
Gold:   213        SH:  0    Dex: 13    Spells: 7/7 levels left

rFire   . . .      SeeInvis .   a - +1 war axe
rCold   . . .      Faith    .   (no shield)
rNeg    . . .      Spirit   .   b - +0 leather armour
rPois   .          Reflect  .   c - +0 hat
rElec   .          Harm     .   (no cloak)
rCorr   .          Rampage  .   n - +1 pair of gloves
Will    .....                   (no boots)
Stlth   +.........              (no amulet)
HPRegen 0.22/turn               (no ring)
MPRegen 0.10/turn               (no ring)

@: lethally poisoned (-2 -> -14), invisible
A: horns 2, retaliatory headbutt
a: Renounce Religion, Recite, Donate Gold


You were on level 6 of the Dungeon.
You worshipped Zin.
Zin was aware of your devotion.
You visited 1 branch of the dungeon, and saw 6 of its levels.

You collected 236 gold pieces.
You donated 23 gold pieces to Zin.

Inventory:

Hand Weapons
 a - a +1 war axe (weapon)
Missiles
 d - 3 throwing nets (quivered)
Armour
 b - a +0 leather armour (worn)
 c - a +0 hat (worn)
 k - a +0 pair of gloves
 n - a +1 pair of gloves (worn)
Jewellery
 t - the ring of Descent {Fire rElec}
   (You found it on level 5 of the Dungeon)

   [ring of fire]

   It enhances your fire magic.
   rF:        It protects you from fire.
   rC:        It makes you vulnerable to cold.
   rElec:     It insulates you from electricity.
Wands
 l - a wand of iceblast (13)
Scrolls
 f - 6 scrolls of identify
 o - a scroll of fear
 q - a scroll of enchant weapon
 r - 3 scrolls of enchant armour {unknown}
 s - a scroll of acquirement {unknown}
Potions
 e - a potion of heal wounds {unknown}
 g - a potion of experience
 h - a potion of might {unknown}
 i - a potion of invisibility
 j - a potion of resistance {unknown}
 m - 2 potions of flight
 p - a potion of lignification {unknown}


   Skills:
 + Level 8.5 Fighting
 + Level 12.1 Axes
 - Level 2.0 Throwing
 + Level 8.1 Armour
 - Level 3.2 Dodging
 + Level 0.0 Invocations


You had 7 spell levels left.
You didn't know any spells.
Your spell library contained the following spells:

 Spells                   Type           Power      Damage    Failure   Level
 Slow                     Hex            0%         N/A       52%         1
 Summon Small Mammal      Summ           0%         N/A       52%         1
 Static Discharge         Conj/Air       0%         N/A       67%         2
 Call Canine Familiar     Summ           0%         N/A       88%         3
 Confusing Touch          Hex            0%         N/A       88%         3
 Inner Flame              Hex/Fire       0%         N/A       88%         3
 Summon Guardian Golem    Hex/Summ       0%         N/A       88%         3
 Vampiric Draining        Necr           0%         2d6       88%         3
 Cause Fear               Hex            0%         N/A       99%         4
 Dispel Undead            Necr           0%         3d6       99%         4
 Sticky Flame             Conj/Fire      0%         2d3       99%         4
 Dispersal                Tloc           0%         N/A       100%        6
 Discord                  Hex            0%         N/A       100%        8
 Disjunction              Tloc           0%         N/A       100%        8


Dungeon Overview and Level Annotations

Branches:
Dungeon (6/15)
 Temple: D:4-7

Altars:
Hepliaklqana
Kikubaaqudgha
Vehumet
Zin

Shops:
D:1 (

Annotations:
D:6 Edmund


Innate Abilities, Weirdness & Mutations

You have a pair of horns on your head.
You reflexively headbutt those who attack you in melee.


Message History

Edmund is nearby!
Found an escape hatch in the ceiling.
Okay, then.
Edmund hits you with a +5 dire flail of venom.
You are poisoned.
You are not zealous enough to affect this audience!
You hit Edmund. You headbutt Edmund.
Edmund is lightly wounded.
You hit something.
You feel sick. Something hits you!
Deactivating autopickup; reactivate with Ctrl-A.
Edmund misses you.
You slash Edmund!
Edmund is heavily wounded.
You feel sick. Something hits you. Edmund misses you. You furiously retaliate!
You headbutt Edmund. You completely miss Edmund.
Edmund is heavily wounded.
You feel sick. Something hits you.
Edmund hits you with a +5 dire flail of venom!
You are more poisoned.
Something hits you!
You closely miss Edmund.
Edmund is heavily wounded.
You barely miss something.
You feel very sick. Something hits you but does no damage.
Edmund hits you with a +5 dire flail of venom!
* * * LOW HITPOINT WARNING * * *
Okay, then.
Unknown command.
* * * LOW HITPOINT WARNING * * *
You feel very sick. Something hits you.
* * * LOW HITPOINT WARNING * * *
* * * LOW HITPOINT WARNING * * *
You feel very sick. Something hits you but does no damage.
It was a potion of invisibility.
You fade into invisibility!
You die...

...............
.................#
..............#..#
.................
# #...#...........
..
#...##..........
...#...........#
...........<...#
.......@{@.....#
.........###.#.#
.......#.# ## ..
.......#.# ...
..#....... .. .
#........ .
........^..
.........<...
..............


You could see Edmund.

Vanquished Creatures
  Grinder (D:3)
  A black bear (D:5)
  An ice beast (D:5)
  An ogre (D:5)
  2 phantoms
  A wyvern skeleton (D:5)
  2 hounds
  Natasha (D:2)
  3 iguanas
  2 orc wizards (D:4)
  A hound skeleton (D:5)
  3 gnolls (D:3)
  10 adders
  A white imp (D:5)
  2 ufetubi (D:5)
  A worm (D:4)
  3 dart slugs
  4 orcs
  7 endoplasms
  7 giant cockroaches
  21 goblins
  10 hobgoblins
  9 jackals
  A quokka (D:4)
  4 ball pythons
  4 bats
  2 frilled lizards
  7 kobolds
  6 rats
118 creatures vanquished.

Notes
Turn   | Place    | Note
-------+----------+-------------------------------------------
     0 | D:1      | pkoi the Minotaur Gladiator began the quest for the Orb.
     0 | D:1      | Reached XP level 1. HP: 18/18 MP: 0/0
   141 | D:1      | Reached skill level 4 in Axes
   142 | D:1      | Reached XP level 2. HP: 25/25 MP: 1/1
   152 | D:1      | Reached skill level 1 in Armour
   595 | D:1      | Found Sauczuso's Antique Weapon Emporium.
   788 | D:1      | Reached XP level 3. HP: 27/31 MP: 2/2
  1740 | D:2      | Found a faded altar of an unknown god.
  1778 | D:2      | Noticed Natasha
  1786 | D:2      | Killed Natasha
  1787 | D:2      | Reached skill level 5 in Axes
  1787 | D:2      | Reached XP level 4. HP: 4/38 MP: 3/3
  2393 | D:3      | Reached skill level 10 in Axes
  2393 | D:3      | Reached XP level 5. HP: 47/52 MP: 4/4
  2527 | D:3      | Noticed Grinder
  2538 | D:3      | Paralysed by Grinder for 6 turns
  2553 | D:3      | Killed Grinder
  2554 | D:3      | Reached skill level 11 in Axes
  2554 | D:3      | Reached XP level 6. HP: 20/61 MP: 5/5
  3497 | D:4      | Reached XP level 7. HP: 65/67 MP: 6/6
  4276 | D:5      | Entered Level 5 of the Dungeon
  4963 | D:5      | Reached XP level 8. HP: 75/75 MP: 7/7
  5098 | D:5      | Identified the ring of Descent {Fire rElec}
  5186 | D:5      | Reached skill level 12 in Axes
  5271 | D:5      | Found a hazy altar of Hepliaklqana.
  5272 | D:5      | Found a radiant altar of Vehumet.
  5273 | D:5      | Found an ancient bone altar of Kikubaaqudgha.
  5274 | D:5      | Found a glowing silver altar of Zin.
  5583 | D:5      | Became a worshipper of Zin the Law-Giver
  5583 | D:5      | Reached * piety under Zin
  5633 | D:6      | Noticed Edmund
  5643 | D:6      | HP: 1/75 [poisoned by Edmund]
  5644 | D:6      | Succumbed to Edmund's poison

Illustrated notes

Levels and vault maps discovered:
D:1:      dpeg_arrival_pond, layout_basic, serial_corexii_hall,
          chequers_hall_statues_wall_a, corexii_hall_statues_i, serial_shops,
          nicolae_shop_crystal, st_stairs_7
D:2:      layout_rooms, hellmonk_ecumenical_altar_lost_god, interstate_on_off,
          uniq_natasha
D:3:      kennysheep_the_goblin_king, layout_loops_cross,
          nicolae_overflow_hidden_temple, uniq_grinder
D:4:      layout_loops_ring
D:5:      layout_basic, mainiacjoe_overflow_alcove_3, minivault_5
D:6:      layout_cave_pools, nicolae_qazlal_scattered_showers, uniq_duvessa,
          uniq_prince_ribbit1, uniq_edmund, uniq_sigmund

Skill      XL: |  1  2  3  4  5  6  7  8 |
---------------+-------------------------+-----
Axes           | 4 5 10 11 12 | 12.1
Armour         | 1 2 7 8 |  8.1
Fighting       | 3 7 8 |  8.5
Throwing       | |  2.0
Dodging        | |  3.2

Action                   |  1- 3 |  4- 6 |  7- 9 || total
-------------------------+-------+-------+-------++-------
Melee: War axe           |    75 |    73 |    98 ||   246
       Headbutt          |    11 |     8 |    16 ||    35
       Punch             |     1 |       |       ||     1
  Use: Scroll            |       |     4 |     5 ||     9
       Potion            |       |     2 |     1 ||     3
Armor: Leather armour    |    12 |    23 |    27 ||    62
Dodge: Dodged            |    52 |    47 |    50 ||   149
